[Event "ICCopen2017"]
[Site "Internet Chess Club"]
[Date "2017.03.26"]
[Round "2"]
[White "weakfish"]
[Black "qpr"]
[Result "1-0"]
[ICCResult "Black forfeits on time"]
[WhiteElo "1313"]
[BlackElo "1598"]
[Opening "Sicilian: Kan variation"]
[ECO "B41"]
[NIC "SI.41"]
[Time "19:16:52"]
[TimeControl "180+0"]

1. e4 c5 2. Nf3 e6 3. d4 cxd4 4. Nxd4 a6 5. a3 Qc7 6. Nc3 Nf6 7. Bg5 Be7 8.
Be2 d6 9. O-O Nbd7 10. Kh1 b5 11. f4 Bb7 12. Bf3 O-O 13. Re1 Rac8 14. Qd2 h6
15. Bh4 Nxe4 16. Bxe4 Bxh4 17. Bxb7 Bxe1 18. Qxe1 Qxb7 19. Rd1 Nf6 20. Qh4
Rc4 21. Nf3 Qc6 22. Qg3 Ne4 23. Nxe4 Qxe4 24. Rxd6 Rxc2 25. h3 Rxb2 26. Rxa6
Rb3 27. Ra7 Qf5 28. Ra5 Qd3 29. Qg4 f5 30. Qg6 Qd5 31. Ne5 Rb1+ 32. Kh2 Rb2
33. Ra7 Rxg2+ 34. Qxg2 Qxg2+ 35. Kxg2 {Black forfeits on time} 1-0

[Event "ICCopen2017"]
[Site "Internet Chess Club"]
[Date "2017.03.26"]
[Round "2"]
[White "mn8"]
[Black "Wilsonpalencia"]
[Result "0-1"]
[ICCResult "White resigns"]
[WhiteElo "1941"]
[BlackElo "2519"]
[Opening "Sicilian: Canal-Sokolsky (Nimzovich-Rossolimo, Moscow) attack"]
[ECO "B51"]
[NIC "SI.01"]
[Time "19:17:22"]
[TimeControl "180+0"]

1. e4 c5 2. Nf3 d6 3. Bb5+ Nd7 4. O-O a6 5. Bd3 Ngf6 6. c3 e5 7. Bc2 Be7 8.
d4 O-O 9. Nbd2 Qc7 10. Re1 b5 11. Nf1 Bb7 12. d5 c4 13. Ng3 Nc5 14. Nf5 Rfe8
15. h3 Bf8 16. Nh2 Bc8 17. Qf3 Bxf5 18. Qxf5 Qd7 19. Qf3 a5 20. Bg5 Be7 21.
Qg3 Kh8 22. Qh4 Ng8 23. Ng4 h6 24. Bxe7 Qxe7 25. Qg3 Nf6 26. f3 Nxg4 27.
hxg4 b4 28. Kf2 Kg8 29. Rh1 Qg5 30. Rad1 bxc3 31. bxc3 Rab8 32. Rh5 Qf4 33.
Qxf4 exf4 34. g5 Rb2 35. Rd2 hxg5 36. Rxg5 Rxa2 37. e5 dxe5 38. Bh7+ Kxh7
39. Rxa2 Nd3+ 40. Ke2 Nc1+ 41. Kd1 Nxa2 42. d6 Rd8 43. Rxe5 Nxc3+ 44. Kc2
Na4 45. Rxa5 Nb6 46. Ra7 Kg6 47. Ra6 Rxd6 48. Kc3 Nd5+ {White resigns} 0-1

[Event "ICCopen2017"]
[Site "Internet Chess Club"]
[Date "2017.03.26"]
[Round "2"]
[White "DementedMonkey"]
[Black "rickky20"]
[Result "1-0"]
[ICCResult "Black resigns"]
[WhiteElo "2198"]
[BlackElo "1649"]
[Opening "Torre attack (Tartakower variation)"]
[ECO "D03"]
[NIC "QP.08"]
[Time "19:18:03"]
[TimeControl "180+0"]

1. d4 d5 2. Nf3 Nf6 3. Bg5 Ne4 4. Bh4 c6 5. c3 Qb6 6. Qb3 Bf5 7. Nbd2 e6 8.
e3 Nd7 9. Nxe4 Bxe4 10. Nd2 Bg6 11. Be2 Bd6 12. Bf3 O-O 13. O-O Rfe8 14. e4
Rac8 15. Rfe1 Bf4 16. Nf1 Qxb3 17. axb3 a6 18. b4 dxe4 19. Bxe4 e5 20. dxe5
Bxe5 21. Bxg6 hxg6 22. Rad1 Nf6 23. Bxf6 Bxf6 24. Ne3 Rcd8 25. Kf1 Kf8 26.
Nc4 Rxe1+ 27. Kxe1 Rxd1+ 28. Kxd1 Ke7 29. Kd2 Ke6 30. Kd3 Kd5 31. Ne3+ Kd6
32. b3 Bd8 33. f3 Bb6 34. Nc4+ Kc7 35. Ne5 Bg1 36. h3 f6 37. Nxg6 Bh2 38.
Ne7 Kd6 39. Nf5+ Ke5 40. Nxg7 Kf4 41. Ke2 Bg1 42. g4 Kg3 43. Nh5+ Kxh3 44.
Nxf6 Kh4 45. Ne4 Ba7 46. Kd3 Kh3 47. g5 Bb8 48. g6 Be5 49. Ng5+ Kg3 50. Ne6
Kxf3 51. g7 {Black resigns} 1-0

[Event "ICCopen2017"]
[Site "Internet Chess Club"]
[Date "2017.03.26"]
[Round "2"]
[White "CapitanCentella"]
[Black "cheslikeyomama"]
[Result "1-0"]
[ICCResult "Black forfeits on time"]
[WhiteElo "1828"]
[BlackElo "1522"]
[Opening "Robatsch defense: Geller's system"]
[ECO "B06"]
[NIC "KF.06"]
[Time "19:17:31"]
[TimeControl "180+0"]

1. e4 g6 2. Nf3 Bg7 3. d4 d6 4. c3 Nh6 5. Bd3 f5 6. exf5 Nxf5 7. Qc2 O-O 8.
O-O Nc6 9. Nbd2 e5 10. dxe5 dxe5 11. Ne4 Nd6 12. Neg5 Kh8 13. Qb3 h6 14. Ne4
Nxe4 15. Bxe4 Na5 16. Qc2 g5 17. g3 c6 18. Rd1 Qe7 19. Be3 Bg4 20. Kg2 Nc4
21. Re1 b6 22. b3 Nd6 23. Ng1 Nxe4 24. Qxe4 Bf5 25. Qc4 b5 26. Qe2 Rad8 27.
Red1 e4 28. Rxd8 Rxd8 29. g4 Bg6 30. h3 {Black forfeits on time} 1-0

[Event "ICCopen2017"]
[Site "Internet Chess Club"]
[Date "2017.03.26"]
[Round "2"]
[White "unkavalo"]
[Black "Seraphim"]
[Result "1-0"]
[ICCResult "Black resigns"]
[WhiteElo "2448"]
[BlackElo "1871"]
[Opening "English: four knights, Romanishin variation"]
[ECO "A28"]
[NIC "EO.05"]
[Time "19:17:55"]
[TimeControl "180+0"]

1. c4 e5 2. Nc3 Nc6 3. Nf3 Nf6 4. e3 Bb4 5. Qc2 Bxc3 6. Qxc3 d6 7. d4 exd4
8. Nxd4 Ne5 9. b3 O-O 10. Bb2 Re8 11. Be2 Bd7 12. O-O Ne4 13. Qc2 Ng6 14.
Bf3 Ng5 15. Bxb7 Rb8 16. Bd5 Ne7 17. Bf3 Nxf3+ 18. Nxf3 Bc6 19. Qc3 f6 20.
Nd4 Ba8 21. Rae1 Qc8 22. e4 Qg4 23. h3 Qg6 24. Qe3 d5 25. cxd5 Nxd5 26. Qg3
Qxg3 27. fxg3 Nb4 28. Bc3 Bxe4 29. Rf4 Nxa2 30. Rfxe4 Rxe4 31. Rxe4 Nxc3 32.
Re7 c5 33. Ne6 Rxb3 34. Rxg7+ Kh8 35. Rxa7 Ne4 36. Ra8+ {Black resigns} 1-0

[Event "ICCopen2017"]
[Site "Internet Chess Club"]
[Date "2017.03.26"]
[Round "2"]
[White "DoctorWho"]
[Black "DukeBishop"]
[Result "1-0"]
[ICCResult "Black forfeits on time"]
[WhiteElo "1836"]
[BlackElo "1534"]
[Opening "Nimzo-Indian: 4.e3 O-O, 5.Bd3"]
[ECO "E47"]
[NIC "NI.09"]
[Time "19:16:52"]
[TimeControl "180+0"]

1. d4 Nf6 2. c4 e6 3. Nc3 Bb4 4. e3 O-O 5. Bd3 c5 6. Ne2 d5 7. O-O dxc4 8.
Bxc4 b6 9. a3 Bxc3 10. bxc3 Bb7 11. f3 cxd4 12. exd4 Nd5 13. Bd3 Nc6 14. c4
Nf6 15. Bb2 Rc8 16. Rc1 Qe7 17. Kh1 Rfd8 18. Bb1 Nh5 19. Qd3 g6 20. d5 exd5
21. cxd5 Ne5 22. Qd4 Rxc1 23. Rxc1 Rxd5 24. Qe3 Ba6 25. Be4 Rd8 26. g4 Nf6
27. g5 Nd5 28. Bxd5 Rxd5 29. Re1 Nc6 30. Qxe7 Nxe7 31. Nf4 Rd7 32. Re5 Bc8
33. Rc5 Kf8 34. Rxc8+ {Black forfeits on time} 1-0

[Event "ICCopen2017"]
[Site "Internet Chess Club"]
[Date "2017.03.26"]
[Round "2"]
[White "Speiretti"]
[Black "ural"]
[Result "1-0"]
[ICCResult "Black forfeits on time"]
[WhiteElo "1907"]
[BlackElo "2350"]
[Opening "QGD: Albin counter-gambit, 5.g3"]
[ECO "D09"]
[NIC "QG.02"]
[Time "19:17:16"]
[TimeControl "180+0"]

1. d4 d5 2. c4 e5 3. dxe5 d4 4. Nf3 Nc6 5. g3 Nge7 6. Bg2 Ng6 7. O-O Ngxe5
8. e3 Nxf3+ 9. Qxf3 Be7 10. Rd1 Bf6 11. Nd2 dxe3 12. Qxe3+ Be6 13. Re1 O-O
14. Ne4 Bd4 15. Qe2 Re8 16. Bg5 f6 17. Bf4 Qe7 18. Qc2 Bf5 19. Rad1 Rad8 20.
a3 a5 21. h3 Qf7 22. Qc1 Be5 23. Nc5 Rxd1 24. Rxd1 Bxf4 25. Qxf4 Bc8 26. b3
Ne5 27. Qe4 b6 28. Nd3 a4 29. Nxe5 fxe5 30. bxa4 Bf5 31. Qd5 Be6 32. Qxe5
Bxc4 33. Qc3 Be6 34. a5 bxa5 35. Qxa5 h6 36. Rc1 Rf8 37. Qc5 Qf6 38. a4 Bc8
39. Bd5+ Kh8 40. a5 Rf7 41. Bxf7 Qxf7 42. Qxc7 Bxh3 43. Qxf7
{Black forfeits on time}
1-0

[Event "ICCopen2017"]
[Site "Internet Chess Club"]
[Date "2017.03.26"]
[Round "2"]
[White "habishek"]
[Black "leole51"]
[Result "0-1"]
[ICCResult "White checkmated"]
[WhiteElo "1109"]
[BlackElo "1681"]
[Opening "Four knights game"]
[ECO "C47"]
[NIC "KP.06"]
[Time "19:17:38"]
[TimeControl "180+0"]

1. e4 e5 2. Nf3 Nc6 3. Nc3 Nf6 4. d3 Bc5 5. h3 O-O 6. Be2 d5 7. exd5 Nxd5 8.
Nxd5 Qxd5 9. O-O Bf5 10. c4 Qd6 11. Bg5 f6 12. Bd2 Bxd3 13. Bxd3 Qxd3 14. a3
Qxc4 15. Rc1 Qd5 16. b4 Bb6 17. Qe2 Rad8 18. b5 Nd4 19. Nxd4 Qxd4 20. Be3
Qe4 21. Rfe1 Bxe3 22. Qxe3 Qxe3 23. Rxe3 Rd5 24. Rxc7 Rxb5 25. a4 Rb1+ 26.
Kh2 Rd8 27. Rxb7 Rxb7 28. Rc3 h6 29. Rc6 Kh7 30. a5 Rd2 31. f3 Rbb2 32. Kh1
Rxg2 33. Ra6 Rgd2 34. f4 Rd1# {White checkmated} 0-1

[Event "ICCopen2017"]
[Site "Internet Chess Club"]
[Date "2017.03.26"]
[Round "2"]
[White "Activekids"]
[Black "larso"]
[Result "0-1"]
[ICCResult "White forfeits on time"]
[WhiteElo "1994"]
[BlackElo "2631"]
[Opening "French: exchange variation"]
[ECO "C01"]
[NIC "FR.01"]
[Time "19:18:15"]
[TimeControl "180+0"]

1. e4 e6 2. d4 d5 3. exd5 exd5 4. c4 Nf6 5. Nc3 Bb4 6. Nf3 O-O 7. Bd3 Be6 8.
c5 b6 9. cxb6 axb6 10. O-O c5 11. a3 c4 12. Bb1 Bd6 13. Bg5 Nbd7 14. Re1 Re8
15. Ne5 Nf8 16. Qf3 h6 17. Bf4 Qb8 18. Nc6 Qc7 19. Bxd6 Qxd6 20. Nb4 Ng6 21.
Bc2 Re7 22. b3 Rae8 23. bxc4 Bg4 24. Rxe7 Bxf3 25. Rxe8+ Nxe8 26. gxf3 dxc4
27. Re1 Nf6 28. d5 Qf4 29. Be4 Nxe4 30. fxe4 Nh4 31. Re3 Qg5+ 32. Kf1 Qg2+
33. Ke2 Qxh2 34. e5 Qf4 35. d6 Qg4+ 36. Kf1 Ng6 37. Nbd5 Kh7 38. Ne7 Nf4 39.
Re4 Qg2+ 40. Ke1 Qg1+ 41. Kd2 Qxf2+ 42. Ne2 Ne6 43. d7 c3+ 44. Kd3 Qc5 45.
Nxc3 Qc7 46. Ned5 Qxd7 47. Re2 Nc5+ 48. Ke3 Qh3+ {White forfeits on time}
0-1

[Event "ICCopen2017"]
[Site "Internet Chess Club"]
[Date "2017.03.26"]
[Round "2"]
[White "WobblySquares"]
[Black "aravind6904"]
[Result "1-0"]
[ICCResult "Black forfeits on time"]
[WhiteElo "1738"]
[BlackElo "1439"]
[Opening "Sicilian defense"]
[ECO "B30"]
[NIC "SI.31"]
[Time "19:17:46"]
[TimeControl "180+0"]

1. e4 c5 2. Nf3 Nc6 3. c3 e5 4. d4 cxd4 5. cxd4 exd4 6. Nxd4 Nf6 7. Nc3 Bb4
8. Bg5 h6 9. Nxc6 bxc6 10. Bd2 O-O 11. Bd3 d5 12. e5 Nd7 13. f4 Nb6 14. O-O
f6 15. Qh5 Bxc3 16. bxc3 Qe8 17. Bg6 Qd8 18. Rae1 f5 19. e6 Qf6 20. e7 Bd7
21. exf8=Q+ Rxf8 22. Re2 Nc4 23. Rfe1 Nxd2 24. Rxd2 Qxc3 25. Rde2 Qd4+ 26.
Kh1 {Black forfeits on time} 1-0

[Event "ICCopen2017"]
[Site "Internet Chess Club"]
[Date "2017.03.26"]
[Round "2"]
[White "atoz"]
[Black "A4-H5"]
[Result "0-1"]
[ICCResult "White forfeits on time"]
[WhiteElo "1345"]
[BlackElo "1781"]
[Opening "English: Anglo-Dutch defense"]
[ECO "A10"]
[NIC "HD.14"]
[Time "19:17:12"]
[TimeControl "180+0"]

1. c4 f5 2. Nf3 Nf6 3. g3 g6 4. Bg2 Bg7 5. d3 O-O 6. O-O d6 7. Nc3 e5 8. e4
Nc6 9. Rb1 fxe4 10. dxe4 Bg4 11. h3 Bxf3 12. Qxf3 Nd4 13. Qd1 c6 14. Bg5 h6
15. Be3 Nh5 16. Ne2 Ne6 17. Qd2 Kh7 18. Rbd1 Qf6 19. Kh2 Rfd8 20. f4 exf4
21. gxf4 Qh4 22. Bf2 Qf6 23. f5 Qe5+ 24. Kg1 gxf5 25. exf5 Qxf5 26. Be3 Qg6
27. Qd3 Qxd3 28. Rxd3 Rg8 29. Rf7 Ng5 30. Bxg5 hxg5 31. Be4+ Kh8 32. Rxd6
Raf8 33. Rdd7 Rxf7 34. Rxf7 Re8 35. Bf3 Nf4 36. Nxf4 gxf4 37. Kg2 Rg8 38.
Kf2 Bd4+ 39. Ke2 Bxb2 40. Rxf4 Re8+ 41. Kd3 Ba3 42. Kc2 Bc5 43. Kb3 b6 44.
Rh4+ Kg7 45. Be4 Rd8 46. Rg4+ Kf6 47. h4 Ke5 48. Rg5+ Kxe4
{White forfeits on time}
0-1

[Event "ICCopen2017"]
[Site "Internet Chess Club"]
[Date "2017.03.26"]
[Round "2"]
[White "hecan58"]
[Black "LevAbramovich"]
[Result "0-1"]
[ICCResult "White checkmated"]
[WhiteElo "1544"]
[BlackElo "2133"]
[Opening "Sicilian: Nimzovich-Rossolimo attack (with ...g6, without ...d6)"]
[ECO "B31"]
[NIC "SI.31"]
[Time "19:16:49"]
[TimeControl "180+0"]

1. e4 c5 2. Nf3 Nc6 3. Bb5 g6 4. O-O Bg7 5. Re1 Nf6 6. Nc3 O-O 7. e5 Ne8 8.
d3 Nc7 9. Bxc6 dxc6 10. Bf4 Bg4 11. h3 Bxf3 12. Qxf3 Ne6 13. Bg3 Qd7 14. Ne4
Rad8 15. Qe3 b6 16. Rad1 h6 17. c3 Kh7 18. f4 Qd5 19. a3 Rfe8 20. Bh4 Qb3
21. Rd2 Rd7 22. Kh1 Red8 23. Rf1 Nc7 24. Bg3 Nd5 25. Qf3 e6 26. c4 Ne7 27.
Nf6+ Bxf6 28. exf6 Nf5 29. Rfd1 Rd6 30. Bf2 a6 31. g4 Nd4 32. Bxd4 Rxd4 33.
Qxc6 Rxd3 34. Rxd3 Rxd3 35. Rxd3 Qxd3 36. Qxb6 Qxc4 37. Qb7 Qf1+ 38. Kh2
Qxf4+ 39. Kg2 Qxf6 40. Qxa6 Qxb2+ 41. Kh1 c4 42. Qa7 Qb1+ 43. Kg2 Qe4+ 44.
Kg3 Qe5+ 45. Kg2 Qg7 46. Qc7 c3 47. a4 Qd4 48. a5 Kg7 49. a6 Qd2+ 50. Kg3 c2
51. a7 c1=Q 52. Qxc1 Qxc1 53. a8=Q Qe3+ 54. Qf3 Qxf3+ 55. Kxf3 g5 56. Ke3
Kg6 57. Ke4 f5+ 58. gxf5+ exf5+ 59. Ke5 h5 60. Ke6 h4 61. Ke5 g4 62. Kf4 g3
63. Kf3 Kg5 64. Kg2 f4 65. Kh1 Kf5 66. Kg1 Ke4 67. Kf1 Ke3 68. Kg1 f3 69.
Kh1 Ke2 70. Kg1 f2+ 71. Kh1 f1=Q# {White checkmated} 0-1

[Event "ICCopen2017"]
[Site "Internet Chess Club"]
[Date "2017.03.26"]
[Round "2"]
[White "Ernie1"]
[Black "RobbieWilliams"]
[Result "0-1"]
[ICCResult "White forfeits on time"]
[WhiteElo "1271"]
[BlackElo "1847"]
[Opening "Levitsky attack (Queen's bishop attack)"]
[ECO "D00"]
[NIC "QP.08"]
[Time "19:18:18"]
[TimeControl "180+0"]

1. d4 d5 2. Bg5 h6 3. Bh4 Bf5 4. Nf3 c6 5. e3 Nd7 6. Bd3 Bxd3 7. cxd3 Ngf6
8. Bxf6 exf6 9. Nc3 Bd6 10. O-O O-O 11. Re1 Re8 12. e4 dxe4 13. dxe4 Qc7 14.
Rc1 Rad8 15. Nb5 Qb8 16. Nxd6 Qxd6 17. a3 Nf8 18. Qb3 Rd7 19. Rcd1 Ng6 20.
e5 fxe5 21. dxe5 Qe7 22. Rxd7 Qxd7 23. Rd1 Qg4 24. h3 Qe4 25. Qxb7 Re6 26.
Rd8+ Kh7 27. Nd4 Rxe5 28. Nxc6 Qb1+ 29. Kh2 Re1 {White forfeits on time} 0-1

[Event "ICCopen2017"]
[Site "Internet Chess Club"]
[Date "2017.03.26"]
[Round "2"]
[White "DaffyDuck"]
[Black "HighGround"]
[Result "1-0"]
[ICCResult "Black forfeits on time"]
[WhiteElo "1686"]
[BlackElo "1391"]
[Opening "QGD: semi-Slav"]
[ECO "A11"]
[NIC "SL.06"]
[Time "19:17:40"]
[TimeControl "180+0"]

1. c4 c6 2. Nc3 e6 3. d4 d5 4. b3 Nf6 5. Nf3 Bb4 6. Bd2 O-O 7. e3 Nbd7 8.
Bd3 h6 9. O-O Be7 10. Rc1 Qc7 11. Re1 Bd6 12. h3 Re8 13. Qc2 Nf8 14. Re2 a6
15. Rce1 dxc4 16. bxc4 b5 17. c5 Be7 18. e4 N6h7 19. e5 Rd8 20. Ne4 Ng6 21.
g3 Ngf8 22. Kg2 a5 23. a3 Ba6 24. Rb1 Rab8 25. Ree1 Nd7 26. Rb2 Ndf8 27.
Reb1 Nd7 28. Bc3 Ndf8 29. Qd2 Bg5 30. Nexg5 Nxg5 31. Bxa5 Nxf3 32. Kxf3 Qd7
33. Bxd8 Rxd8 34. Rb4 Qe7 35. Qe3 Qg5 36. Qxg5 hxg5 37. Re1 Ng6 38. Bxg6
fxg6 39. Kg4 Kf7 40. Kxg5 Rh8 41. h4 Rh5+ 42. Kg4 Rf5 43. f4 Ke7 44. Re3 Kd7
45. Rd3 Kc7 46. Rd2 Kd7 47. Ra2 Kc7 48. a4 bxa4 49. Raxa4 Bb5 50. Ra5 Kb7
51. Raxb5+ cxb5 52. Rxb5+ Kc6 53. Rb6+ Kd5 54. Rd6+ Kc4 55. Rxe6
{Black forfeits on time}
1-0

[Event "ICCopen2017"]
[Site "Internet Chess Club"]
[Date "2017.03.26"]
[Round "2"]
[White "chuckechess"]
[Black "FGM21"]
[Result "1/2-1/2"]
[ICCResult "White stalemated"]
[WhiteElo "2491"]
[BlackElo "1929"]
[Opening "English: Botvinnik system"]
[ECO "A26"]
[NIC "EO.24"]
[Time "19:16:50"]
[TimeControl "180+0"]

1. c4 e5 2. g3 g6 3. Bg2 Bg7 4. Nc3 Nc6 5. d3 d6 6. e4 Nge7 7. Nge2 O-O 8.
O-O f5 9. Be3 Nd4 10. f3 c6 11. Qd2 fxe4 12. dxe4 c5 13. Nd5 Be6 14. Nxd4
cxd4 15. Bg5 Bxd5 16. cxd5 Qd7 17. Rfc1 Rfc8 18. h4 Bf8 19. Kh2 Qb5 20. Bh3
Rc5 21. b4 Rc3 22. Be6+ Kg7 23. Rxc3 dxc3 24. Qxc3 Qe2+ 25. Kh3 h6 26. Qe3
Qxe3 27. Bxe3 Kf6 28. Rc1 a5 29. b5 a4 30. Rc7 b6 31. Rb7 a3 32. Rxb6 Ra4
33. Rb8 Bg7 34. Re8 Rb4 35. b6 Rb2 36. g4 g5 37. hxg5+ hxg5 38. Kg3 Ng6 39.
Bf5 Nf4 40. Re6+ Nxe6 41. Bxe6 Rxa2 42. b7 Rb2 43. Bc8 a2 44. Bc1 Rxb7 45.
Bb2 a1=Q 46. Bxb7 Qxb2 47. Bc6 Bf8 48. Kh3 Be7 49. Kg3 Bd8 50. Bb5 Bb6 51.
Be2 Be3 52. Kh3 Bf4 53. Kg2 Qxe2+ 54. Kg1 Qxf3 {White stalemated} 1/2-1/2

[Event "ICCopen2017"]
[Site "Internet Chess Club"]
[Date "2017.03.26"]
[Round "2"]
[White "refid"]
[Black "TZ700A"]
[Result "0-1"]
[ICCResult "White checkmated"]
[WhiteElo "1815"]
[BlackElo "1350"]
[Opening "Evans gambit"]
[ECO "C51"]
[NIC "IG.05"]
[Time "19:17:05"]
[TimeControl "180+0"]

1. e4 e5 2. Nf3 Nc6 3. Bc4 Bc5 4. b4 Bxb4 5. c3 Bc5 6. d4 exd4 7. O-O d6 8.
Qb3 Qe7 9. Bg5 Nf6 10. cxd4 Bxd4 11. Nc3 Bxc3 12. Qxc3 O-O 13. Bxf6 Qxf6 14.
Qxf6 gxf6 15. Rab1 Ne5 16. Be2 Nxf3+ 17. Bxf3 c6 18. Rfd1 Rd8 19. a4 Rb8 20.
a5 c5 21. h4 a6 22. Rb6 Be6 23. Rdxd6 Rxd6 24. Rxd6 Rc8 25. Kf1 c4 26. Ke1
c3 27. Kd1 c2+ 28. Kc1 Bb3 29. Be2 Rc5 30. Rb6 Ba4 31. Rxb7 Rxa5 32. Bd3 Rb5
33. Bxb5 axb5 34. Ra7 Bb3 35. Ra3 Ba4 36. Rxa4 bxa4 37. Kxc2 Kg7 38. Kb2 Kg6
39. f3 f5 40. g4 fxe4 41. fxe4 Kf6 42. Ka3 Ke5 43. Kxa4 Kxe4 44. Kb4 Kf4 45.
g5 Kg4 46. Kc4 Kxh4 47. Kd4 Kxg5 48. Ke4 Kg4 49. Ke5 Kg3 50. Kf6 h5 51. Kg7
h4 52. Kf8 f5 53. Kg7 f4 54. Kg6 f3 55. Kf5 h3 56. Ke4 f2 57. Kd5 f1=Q 58.
Kc6 h2 59. Kd6 h1=Q 60. Kc5 Qh4 61. Kd5 Qf5+ 62. Kd6 Qh6+ 63. Ke7 Qff6+ 64.
Ke8 Qhh8+ 65. Kd7 Qh7+ 66. Ke8 Qfh8# {White checkmated} 0-1

[Event "ICCopen2017"]
[Site "Internet Chess Club"]
[Date "2017.03.26"]
[Round "2"]
[White "jncool68"]
[Black "Bojack"]
[Result "1-0"]
[ICCResult "Black checkmated"]
[WhiteElo "2846"]
[BlackElo "2068"]
[Opening "Queen's pawn: Torre attack"]
[ECO "A46"]
[NIC "QP.04"]
[Time "19:17:08"]
[TimeControl "180+0"]

1. d4 Nf6 2. Nf3 e6 3. Bg5 b6 4. e3 Bb7 5. Bd3 d6 6. Nbd2 Nbd7 7. a4 h6 8.
Bh4 a6 9. c3 Be7 10. Qe2 Nh5 11. Bg3 Nxg3 12. hxg3 Bf6 13. g4 e5 14. Ne4 Rf8
15. Ng3 d5 16. e4 Qe7 17. Nf5 Qe6 18. exd5 Bxd5 19. g5 hxg5 20. Nxg5 Qc6 21.
Nh7 O-O-O 22. Nxf8 Rxf8 23. dxe5 Re8 24. f4 Bxg2 25. Bxa6+ Kb8 26. Bb5 Qe6
27. Nd4 Qd5 28. Bc6 Qxc6 29. Nxc6+ Bxc6 30. O-O-O Nc5 31. b4 Nxa4 32. Qd3
Be7 33. Rhe1 b5 34. Kc2 Nb6 35. Qg3 Kb7 36. Rd4 f6 37. exf6 gxf6 38. Qg6 Nc8
39. Qf7 Rh8 40. Rxe7 Rh2+ 41. Kd1 Nxe7 42. Qxe7 Rh1+ 43. Ke2 Rh2+ 44. Kf1
Rh3 45. Rd7 Rf3+ 46. Ke2 Bxd7 47. Kxf3 Bc6+ 48. Ke3 f5 49. Kd4 Kb6 50. Qc5+
Kb7 51. Ke5 Be4 52. Qxb5+ Kc8 53. Qc5 Kb7 54. c4 Kc8 55. b5 Bb7 56. b6 c6
57. Qe7 Kb8 58. Qc7+ Ka8 59. Qd8+ Bc8 60. Qxc8# {Black checkmated} 1-0

[Event "ICCopen2017"]
[Site "Internet Chess Club"]
[Date "2017.03.26"]
[Round "2"]
[White "Jude"]
[Black "DetectiveStark"]
[Result "0-1"]
[ICCResult "White resigns"]
[WhiteElo "1942"]
[BlackElo "2533"]
[Opening "French: Tarrasch, open variation"]
[ECO "C07"]
[NIC "FR.19"]
[Time "19:18:07"]
[TimeControl "180+0"]

1. e4 e6 2. d4 d5 3. Nd2 c5 4. exd5 Qxd5 5. Ngf3 cxd4 6. Bc4 Qd7 7. O-O Nc6
8. Nb3 Nf6 9. Nbxd4 Nxd4 10. Nxd4 a6 11. c3 Qc7 12. Qe2 Bd6 13. Rd1 Bxh2+
14. Kh1 Bf4 15. Bxe6 fxe6 16. Nxe6 Bxe6 17. Qxe6+ Kf8 18. Bxf4 Qxf4 19. Rd4
Qc7 20. Rad1 Re8 21. Qf5 Qe5 22. Qf3 Qh5+ 23. Qxh5 Nxh5 24. Rd7 Nf6 25. Rxb7
h5 26. Rd6 Rh6 27. f3 Ng4 28. fxg4 Rxd6 29. gxh5 Re2 30. Rb4 Rdd2 31. Rf4+
Kg8 32. Rg4 Kh7 33. b4 Rxa2 34. c4 Rab2 35. b5 axb5 36. cxb5 Rxb5 37. Kh2
Rxh5+ 38. Kg3 Rh6 39. Ra4 Rg6+ 40. Kf3 Rexg2 41. Rh4+ Kg8 42. Rf4 R6g3+ 43.
Ke4 Rg4 44. Rxg4 Rxg4+ 45. Kf3 Rg6 46. Kf4 Kf7 47. Kf5 Rh6 48. Kg5 Ra6 49.
Kf5 Ra5+ 50. Ke4 Kf6 51. Kd4 Re5 52. Kd3 g5 53. Kd4 g4 {White resigns} 0-1

[Event "ICCopen2017"]
[Site "Internet Chess Club"]
[Date "2017.03.26"]
[Round "2"]
[White "x-plica"]
[Black "manneredmonkey"]
[Result "0-1"]
[ICCResult "White checkmated"]
[WhiteElo "1357"]
[BlackElo "1794"]
[Opening "King's pawn opening"]
[ECO "B07"]
[NIC "VO.17"]
[Time "19:17:30"]
[TimeControl "180+0"]

1. e4 d6 2. Nf3 Nf6 3. d3 g6 4. Be2 Bg7 5. c4 O-O 6. Nc3 c6 7. Bd2 e5 8. O-O
Nbd7 9. Qc1 Nc5 10. Bg5 Ne6 11. Bh6 Qe7 12. Bxg7 Kxg7 13. h3 Bd7 14. Ne1 Nd4
15. Bd1 Rac8 16. f4 exf4 17. Qxf4 Ne6 18. Qe3 Rfe8 19. Nf3 Nc5 20. Nh2 Rcd8
21. b4 Na6 22. a3 Bc8 23. Qf3 Qe5 24. Rc1 Re7 25. Kh1 h5 26. Qe2 d5 27. Nf3
Qc7 28. cxd5 cxd5 29. Nxd5 Qxc1 30. Nxf6 Kxf6 31. Nd2+ Kg7 32. Nc4 Qc3 33.
Nb2 Nc7 34. Qf3 Ne6 35. Na4 Qe5 36. Nc5 Nxc5 37. bxc5 Bd7 38. Bb3 Be8 39.
Bc4 a6 40. a4 Rc8 41. Qe3 Qxc5 42. Qd2 b5 43. axb5 axb5 44. Bd5 Qc2 45. Qe3
Qc3 46. Qg5 Qe5 47. Qe3 Rd8 48. d4 Qxd5 49. Rxf7+ Bxf7 50. exd5 Rxe3 51. Kg1
Rd3 52. Kf2 Rxd4 53. Ke3 R4xd5 54. g4 R5d6 55. gxh5 Re8+ 56. Kf4 gxh5 57. h4
Rf6+ 58. Kg5 Re5# {White checkmated} 0-1

[Event "ICCopen2017"]
[Site "Internet Chess Club"]
[Date "2017.03.26"]
[Round "2"]
[White "touchthis"]
[Black "Nc3-4Me"]
[Result "0-1"]
[ICCResult "White checkmated"]
[WhiteElo "1420"]
[BlackElo "1826"]
[Opening "Bird's opening"]
[ECO "A02"]
[NIC "VO.07"]
[Time "19:17:53"]
[TimeControl "180+0"]

1. f4 Nc6 2. Nf3 d5 3. e3 g6 4. Bb5 Bg7 5. O-O Bd7 6. Bxc6 Bxc6 7. d4 Nf6 8.
Nc3 O-O 9. Qe1 e6 10. Ne5 Be8 11. Qe2 Rc8 12. b3 c5 13. dxc5 Rxc5 14. Ba3
Rxc3 15. Bxf8 Kxf8 16. Qd2 Qc7 17. Rac1 Kg8 18. Rf3 Ne4 19. Qe2 Bxe5 20.
fxe5 Qxe5 21. g3 Bc6 22. Rcf1 f5 23. g4 a6 24. gxf5 exf5 25. Qg2 Bd7 26. h4
Nf6 27. e4 Rxf3 28. Qxf3 Qxe4 29. Qxe4 dxe4 30. Rd1 Bc6 31. Rd8+ Kf7 32. Rd6
Ke7 33. Rd4 Nd5 34. c4 Nb4 35. a4 Nd3 36. Kh2 Ke6 37. Kh3 f4 38. Rd8 Ke5 39.
Rh8 h5 40. Rd8 e3 41. Rf8 f3 42. Rf7 f2 43. Re7+ Kd4 44. Rf7 Be4 45. Kg3 Bf5
46. Kg2 Kc3 47. Re7 Kd2 48. Kf1 Bh3# {White checkmated} 0-1

[Event "ICCopen2017"]
[Site "Internet Chess Club"]
[Date "2017.03.26"]
[Round "2"]
[White "SPARNALIQ"]
[Black "TheDonald"]
[Result "1-0"]
[ICCResult "Black forfeits on time"]
[WhiteElo "3101"]
[BlackElo "2151"]
[Opening "Sicilian defense"]
[ECO "B40"]
[NIC "SI.43"]
[Time "19:17:37"]
[TimeControl "180+0"]

1. e4 c5 2. Nf3 e6 3. c3 Nf6 4. e5 Nd5 5. Bc4 Nc6 6. O-O d6 7. d4 cxd4 8.
cxd4 Nb6 9. Bb5 Bd7 10. Nc3 Be7 11. Re1 O-O 12. Bf4 dxe5 13. dxe5 a6 14. Bd3
Nb4 15. Be4 Bc6 16. Qe2 Bxe4 17. Qxe4 N4d5 18. Nxd5 Qxd5 19. Rad1 Qxe4 20.
Rxe4 Rfd8 21. Red4 Rxd4 22. Nxd4 Rd8 23. b3 Bc5 24. Be3 Nd5 25. Nc2 Rc8 26.
Bd4 Bxd4 27. Nxd4 Kf8 28. Kf1 Ke7 29. Ke1 Nb4 30. Rd2 Nc6 31. Nf3 f6 32.
exf6+ gxf6 33. Ke2 e5 34. a3 Rg8 35. g3 Rd8 36. Ke3 Rxd2 37. Nxd2 Nd4 38.
Kd3 Kd6 39. Ne4+ Ke7 40. b4 b6 41. Nc3 Kd6 42. Ne4+ Ke7 43. a4 f5 44. Nc3
Kd6 45. f4 Nc6 46. b5 e4+ 47. Kc4 Na5+ 48. Kb4 axb5 49. Kxb5 Nb3 50. Kxb6 e3
51. a5 Nxa5 52. Kxa5 Kc5 53. Ne2 Kc4 54. Kb6 Kd3 55. Ng1 e2 56. Nf3 Ke3 57.
Ne1 Kf2 58. Nd3+ Ke3 59. Ne1 Kf2 60. Nc2 Kg2 61. Kc5 Kxh2 62. Kd5 Kxg3 63.
Ke5 h5 64. Kxf5 h4 65. Kg5 h3 66. f5 h2 67. f6 h1=Q 68. Nd4 Qf1 69. Nf5+ Kh3
70. f7 e1=Q 71. f8=Q Qg3+ 72. Kh6 Qg4 73. Qa3+ Kg2 74. Qb2+ Qf2 75. Qb7+ Kf1
76. Qh1+ {Black forfeits on time} 1-0